 Dungeon Crawl Stone Soup version 0.29.1-2-gbd0b4ee654 (webtiles) character file.

Game seed: 17296275003759627683

5 MacCMillion the Shield-Bearer (level 1, -1/11 HPs)
             Began as a Vine Stalker Fighter on Nov 25, 2022.
             Slain by a gnoll
             ... wielding a +0 spear
              (2 damage)
             ... on level 1 of the Dungeon.
             The game lasted 00:01:16 (403 turns).

MacCMillion the Shield-Bearer (Vine Stalker Fighter) Turns: 403, Time: 00:01:17

Health: -1/11      AC:  6    Str: 18    XL:     1   Next: 80%
Magic:  0/2        EV:  9    Int:  8    God:
Gold:   0          SH:  4    Dex: 13    Spells: 0/0 levels left

rFire   . . .      SeeInvis .   a - +0 rapier
rCold   . . .      Faith    .   c - +0 buckler
rNeg    . . .      Spirit   +   b - +0 scale mail
rPois   .          Reflect  .   (no helmet)
rElec   .          Harm     .   (no cloak)
rCorr   .          Rampage  .   (no gloves)
Will    .....                   (no boots)
Stlth   ..........              (no amulet)
HPRegen 0.03/turn               (no ring)
MPRegen 0.08/turn               (no ring)

@: no status effects
A: fangs 2, magic shield, antimagic bite, no potion heal 2
a: no special abilities


You were on level 1 of the Dungeon.
You visited 1 branch of the dungeon, and saw 1 of its levels.

Inventory:

Hand Weapons
 a - a +0 rapier (weapon)
Armour
 b - a +0 scale mail (worn)
 c - a +0 buckler (worn)
Scrolls
 f - a scroll of identify {unknown}
Potions
 d - a potion of might
 e - a potion of heal wounds {unknown}


   Skills:
 + Level 2.8 Fighting
 - Level 1.8 Short Blades
 - Level 2.4 Armour
 + Level 2.8 Shields


You couldn't memorise any spells.
You didn't know any spells.
Your spell library was empty.

Dungeon Overview and Level Annotations

Branches:
Dungeon (1/15)

Altars:


Innate Abilities, Weirdness & Mutations

You have extremely sharp teeth.
When hurt, damage is shared between your health and your magic reserves.
Your bite disrupts and absorbs the magic of your enemies.
Potions cannot restore your health.


Message History

You hit the quokka.
The quokka is severely wounded.
You block the quokka's attack.
You hit the quokka but do no damage. You bite the quokka. You drain its power.
The quokka is almost dead.
The quokka barely misses you.
You hit the quokka.
You kill the quokka!
A hobgoblin comes into view.
The hobgoblin shouts!
You hit the hobgoblin. Your bite misses the hobgoblin.
The hobgoblin is severely wounded.
The hobgoblin hits you but does no damage.
You barely miss the hobgoblin. You bite the hobgoblin.
You kill the hobgoblin!
No target in view!
Found a robe.
An endoplasm comes into view.
The endoplasm quivers.
You hit the endoplasm.
You bite the endoplasm, but do no damage.
The endoplasm is lightly wounded.
The endoplasm barely misses you.
You puncture the endoplasm!
You kill the endoplasm!
No target in view!
Found 5 stones.
You see here 5 stones.
As you open the door, it creaks loudly!
You hear a shout!
A gnoll comes into view. It is wielding a +0 spear.
The gnoll shouts!
There is an open door here.
The gnoll hits you from afar with a +0 spear.
The gnoll hits you but does no damage.
You barely miss the gnoll. The gnoll hits you with a +0 spear.
Ouch! That really hurt!
* * * LOW HITPOINT WARNING * * *
You are too injured to fight recklessly!
The gnoll hits you from afar with a +0 spear.
You die...

#.#...# ....... #.###.#
.......
.#.###.#########.......
#.#.#......(....'......>
#.#.###.........#.......
#.#.###.........#.......
#.............#######+
#......g......# #.
##...@######### #.
#####.......# #.
........################.
.........................
......#########.......##.
#####.................##.
#########.........##.
#..........##.
##..........##.


You could see a gnoll.

Vanquished Creatures
  2 endoplasms (D:1)
  A hobgoblin (D:1)
  A quokka (D:1)
4 creatures vanquished.

Notes
Turn   | Place    | Note
-------+----------+-------------------------------------------
     0 | D:1      | MacCMillion the Vine Stalker Fighter began the quest for
                  | the Orb.
     0 | D:1      | Reached XP level 1. HP: 11/11 MP: 2/2
   403 | D:1      | Slain by a gnoll

Illustrated notes

Levels and vault maps discovered:
D:1:      ncdulo_halloftheorcs, layout_basic, serial_co_window_serial,
          co_window_paths_a, co_window_paths_b, co_window_paths_b,
          co_window_paths_b, co_window_corner_a, co_window_corner_b,
          co_window_unsneaky_path_d, co_window_cross_2, co_window_paths_d,
          glass_columns_a, interstate_on_off

Action                   || total
-------------------------++-------
Melee: Rapier            ||    10
       Bite              ||     4
Armor: Scale mail        ||     2
Dodge: Dodged            ||     2
Block: Buckler           ||     1
